Description

Basic Start ZERG (Roach)

Build Order

Get SALT Encoding   

  13  0:01  Drone  
  13  0:15  Overlord  
  14  0:20  Drone  
  16  0:33  Drone x3  2 DANS LA LIGNE DE MINERAI ET 1 SUR B2 (0:58)
  18  0:50  Drone  GAZ ( 1:04 ) EN CONSTRUCTION
  16  1:00  Drone  POOL
  19  1:45  Drone x3  3 DRONE DANS LE GAZ
  19  1:47  Overlord  
  21  2:05  Queen x2  
  27  2:14  Drone x5  
  27  2:17  Spawning Pool  
  33  3:02  Overlord  
  33  3:19  Roach Warren  
Spawning Tool Build Advisor. Get it on Overwolf

Go to:

Details

  • Created by: GWLLO
  • Published on: May 20, 2019
  • Modified on: May 20, 2019
  • Patch: 4.7.1
  • Difficulty: Easy
Show
View Real Time Build Order
Export as new Build Order

Comments (1)

On July 31, 2019, 1:03 p.m., tenderfoot  said:

-> 2:05 queen x2
-> 2:17 spawning pool
-> 82% 17 votes

wut

Create an account to comment!